 Dungeon Crawl Stone Soup version 0.21.1-1-g345015f (webtiles) character file.

417 dafuii the Covered (level 6, -4/53 HPs)
             Began as a Minotaur Fighter on July 14, 2018.
             Was an Initiate of Ru.
             Splashed by a jelly's acid (10 damage)
             ... on level 7 of the Dungeon.
             The game lasted 00:28:52 (2420 turns).

dafuii the Covered (Minotaur Fighter)               Turns: 2420, Time: 00:28:52

Health: -4/53      AC:  7    Str: 23    XL:     6   Next: 61%
Magic:  5/5        EV:  8    Int:  5    God:    Ru [......]
Gold:   66         SH: 10    Dex:  9    Spells: 5/5 levels left

rFire    . . .     SeeInvis .   e - +0 dagger
rCold    . . .     Gourm    .   c - +0 shield
rNeg     . . .     Faith    .   b - +0 scale mail
rPois    .         Spirit   .   (helmet restricted)
rElec    .         Reflect  .   (no cloak)
rCorr    .         Harm     .   (no gloves)
MR       .....                  (no boots)
Stlth    ..........             (no amulet)
HPRegen  0.17/turn              (no ring)
MPRegen  0.09/turn              (no ring)

@: lethally poisoned (-4 -> -9), about to teleport
A: retaliatory headbutt, horns 2
a: Renounce Religion


You were on level 7 of the Dungeon.
You worshipped Ru.
Ru was noncommittal.
You were hungry.

You visited 2 branches of the dungeon, and saw 8 of its levels.

You collected 66 gold pieces.

Inventory:

Hand Weapons
 a - a +0 war axe
 e - a +0 dagger (weapon)
 i - a +0 club
 l - a +2 mace of holy wrath
Missiles
 h - 24 sling bullets
 m - 29 poisoned needles
 o - 52 stones (quivered)
Armour
 b - a +0 scale mail (worn)
 c - a +0 shield (worn)
 t - a +0 leather armour
Scrolls
 j - 2 scrolls of remove curse
 r - 2 scrolls of identify
 u - a scroll of fog {unknown}
Potions
 d - a potion of might
 f - a potion of mutation {unknown}
 g - a potion of curing {unknown}
 k - a potion of lignification {unknown}
 p - a potion of degeneration {unknown}
 q - a potion of heal wounds {unknown}
Comestibles
 v - a ration


   Skills:
 + Level 4.6 Fighting
 + Level 1.5 Short Blades
 + Level 3.4(3.6) Axes
 + Level 1.5(2.6) Maces & Flails
 + Level 6.3 Armour
 + Level 1.7 Dodging
 + Level 0.2 Stealth
 + Level 5.0 Shields


You had 5 spell levels left.
You didn't know any spells.

Dungeon Overview and Level Annotations

Branches:
Dungeon (7/15)             Temple (1/1) D:4

Altars:
Ashenzari
Dithmenos
Elyvilon
Fedhas
Gozag
Kikubaaqudgha
Makhleb
Okawaru
Ru
Sif Muna
Trog
Uskayaw
Xom
Yredelemnul
Zin

Shops:
D:3 *

Annotations:
D:6 Exporg's ghost, novice MiFi
D:7 Dowan; Duvessa


Innate Abilities, Weirdness & Mutations

You reflexively headbutt those who attack you in melee.
You have a pair of horns on your head.


Message History

You headbutt the bullfrog!
You kill the bullfrog!
Your Shields skill increases to level 5!
You block Duvessa's attack. Duvessa barely misses you. You furiously retaliate!
You headbutt Duvessa. The jelly closely misses you.
You block the jelly's attack. Duvessa hits you but does no damage.
You block Duvessa's attack.
Dowan, Brother of Duvessa comes into view.
He is wielding a dagger of venom.
Dowan shouts!
You hit Dowan but do no damage. The jelly barely misses you.
You block Dowan's attack.
As you read the scroll of teleportation, it crumbles to dust.
You feel strangely unstable. You block the jelly's attack.
Dowan hits you but does no damage.
You are poisoned.
You closely miss Dowan.
You feel sick. The jelly hits you.
* * * LOW HITPOINT WARNING * * *
You are splashed with acid!
The acid burns!
You die...

..## .. #..## #. #..###<
############ #......
#$.........# #...e..
#†.........# #......
#..........###########......
#.........J##...............
#.........e@e.########......
#..........#### #..†...
############ #...... #......
#...... #######


You could see Duvessa, Dowan and a jelly.

Vanquished Creatures
  A hungry ghost (D:3)
  2 bullfrogs (D:7)
  A worker ant (D:5)
  7 adders
  A dart slug (D:1)
  A worm (D:3)
  A leopard gecko (D:2)
  7 orcs
  4 bats
  3 giant cockroaches
  3 goblins
  3 hobgoblins
  11 jackals
  2 quokkas
  3 frilled lizards
  A jackal skeleton (D:4)
  5 kobolds
  4 rats
60 creatures vanquished.

Notes
Turn   | Place    | Note
-------+----------+-------------------------------------------
     0 | D:1      | dafuii the Minotaur Fighter began the quest for the Orb.
     0 | D:1      | Reached XP level 1. HP: 19/19 MP: 0/0
   156 | D:1      | Reached XP level 2. HP: 27/27 MP: 1/1
   182 | D:1      | Reached skill level 4 in Armour
   750 | D:2      | Reached XP level 3. HP: 32/33 MP: 2/2
   819 | D:2      | Reached skill level 1 in Maces & Flails
  1206 | D:3      | Found a sacrificial altar of Ru.
  1243 | D:3      | Became a worshipper of Ru the Awakened
  1300 | D:3      | Reached XP level 4. HP: 36/40 MP: 3/3
  1366 | D:3      | Found a glowing silver altar of Zin.
  1368 | D:3      | Found Zin's Purification Station.
  1451 | D:4      | Noticed a hungry ghost
  1495 | D:4      | Found an ancient bone altar of Kikubaaqudgha.
  1544 | D:4      | Paralysed by fainting for 9 turns
  1588 | D:3      | Killed a hungry ghost
  1588 | D:3      | Reached skill level 1 in Short Blades
  1588 | D:3      | Reached skill level 5 in Armour
  1588 | D:3      | Reached skill level 1 in Dodging
  1588 | D:3      | Reached XP level 5. HP: 23/47 MP: 4/4
  1590 | D:3      | Paralysed by fainting for 12 turns
  1841 | D:4      | Found an opulent altar of Gozag.
  1929 | D:4      | Found a staircase to the Ecumenical Temple.
  1934 | Temple   | Entered the Ecumenical Temple
  2204 | D:5      | Entered Level 5 of the Dungeon
  2219 | D:5      | Reached XP level 6. HP: 42/53 MP: 5/5
  2298 | D:6      | Noticed a hippogriff
  2298 | D:6      | Noticed a sky beast
  2298 | D:6      | Noticed Exporg's ghost (novice MiFi)
  2335 | D:7      | Reached skill level 6 in Armour
  2373 | D:7      | Noticed Duvessa
  2405 | D:7      | Reached skill level 5 in Shields
  2417 | D:7      | Noticed Dowan
  2420 | D:7      | Splashed by a jelly's acid

Skill      XL: |  1  2  3  4  5  6 |
---------------+-------------------+-----
Armour         | 4 5 6 |  6.3
Shields        | 4 5 |  5.0
Maces & Flails | 1 |  1.5
Fighting       | 4 |  4.6
Axes           | 3 |  3.4
Short Blades   | 1 |  1.5
Dodging        | 1 |  1.7
Stealth        | |  0.2

Action                   |  1- 3 |  4- 6 || total
-------------------------+-------+-------++-------
Melee: War axe           |    61 |       ||    61
       Headbutt          |    10 |    12 ||    22
       Mace              |    28 |       ||    28
       Dagger            |    15 |   129 ||   144
  Use: Scroll            |       |     3 ||     3
  Eat: Chunk             |     1 |     5 ||     6
       Ration            |       |     4 ||     4
Armor: Scale mail        |    50 |    79 ||   129
Dodge: Dodged            |    28 |    62 ||    90
Block: Shield            |    50 |    80 ||   130
